 Dungeon Crawl Stone Soup version 0.28-a0-537-g3bccd9ccbf (webtiles) character file.

Game seed: 11958578501620852339

4 timneilson the Covered (level 1, -3/14 HPs)
             Began as a Gargoyle Fighter on Sept 28, 2021.
             Slain by a gnoll (6 damage)
             ... on level 1 of the Dungeon.
             The game lasted 00:00:20 (179 turns).

timneilson the Covered (Gargoyle Fighter)            Turns: 179, Time: 00:00:20

Health: -3/14      AC:  9    Str: 19    XL:     1   Next: 70%
Magic:  1/1        EV:  9    Int:  8    God:
Gold:   0          SH:  4    Dex:  9    Spells: 0/0 levels left

rFire   . . .      SeeInvis .   a - +0 long sword
rCold   . . .      Faith    .   c - +0 buckler
rNeg    + . .      Spirit   .   b - +0 scale mail
rPois   ∞          Reflect  .   (no helmet)
rElec   +          Harm     .   (no cloak)
rCorr   .          Rampage  .   (no gloves)
Will    .....                   (no boots)
Stlth   ..........              (no amulet)
HPRegen 0.04/turn               (no ring)
MPRegen 0.07/turn               (no ring)

@: no status effects
A: sickness immunity, AC +2, negative energy resistance 1, electricity
resistance, torment resistance 1, petrification resistance
a: no special abilities


You were on level 1 of the Dungeon.
You visited 1 branch of the dungeon, and saw 1 of its levels.

Inventory:

Hand Weapons
 a - a +0 long sword (weapon)
Armour
 b - a +0 scale mail (worn)
 c - a +0 buckler (worn)
Potions
 d - a potion of might
 e - a potion of attraction {unknown}


   Skills:
 + Level 3.3 Fighting
 * Level 1.9 Long Blades
 * Level 3.4 Armour
 + Level 0.1 Dodging
 * Level 3.3 Shields


You couldn't memorise any spells.
You didn't know any spells.
Your spell library contained the following spells:

 Spells                   Type           Power      Damage    Failure   Level
 Scorch                   Fire           0%         2d5       91%         2
 Flame Wave               Conj/Fire      0%         3d3       100%        4
 Summon Cactus Giant      Summ           0%         N/A       100%        6


Dungeon Overview and Level Annotations

Branches:
Dungeon (1/15)

Altars:


Innate Abilities, Weirdness & Mutations

You are immune to sickness and miasma.
Your stone body is resilient. (AC +2)
You are immune to poison.
You resist negative energy. (rN+)
You are resistant to electric shocks. (rElec)
You are resistant to unholy torment.
You are immune to petrification.


Message History

No target in view!
No target in view!
No target in view!
No target in view!
No target in view!
No target in view!
Found a stone staircase leading down.
You see here a rat corpse.
Found a hand axe.
You see here a +0 hand axe.
e - an inky potion
Found a dagger.
An endoplasm, a hobgoblin and a gnoll come into view.
The hobgoblin shouts!
The endoplasm quivers.
You hit the endoplasm but do no damage. You block the endoplasm's attack.
The gnoll hits you from afar with a +0 spear.
You barely miss the endoplasm.
The endoplasm hits you but does no damage.
A frilled lizard comes into view.
The gnoll hits you from afar with a +0 spear.
The endoplasm barely misses you.
You barely miss the endoplasm.
The gnoll hits you from afar with a +0 spear.
The endoplasm hits you but does no damage.
You hit the endoplasm but do no damage. The gnoll misses you.
The endoplasm freezes you.
You are frozen.
The gnoll hits you but does no damage.
You slash the endoplasm!
You kill the endoplasm!
The gnoll hits you from afar with a +0 spear.
* * * LOW HITPOINT WARNING * * *
The gnoll hits you but does no damage.
You slash the gnoll!
The gnoll is severely wounded.
The gnoll barely misses you.
You completely miss the gnoll.
The gnoll is severely wounded.
The gnoll hits you with a +0 spear.
You die...

..# #.# ..
#######.# ..
#.....#.#
###.
#.###...#
#... #.#
##..## #.##
#.#
#...######.##
#.#
##.........##
#@#
#.#####....#
#g# #.#
#.##.. #g#
#.. #.##..
#l# ##.
..##.#
#......# #
.####.#
#........ .#
..#
.......... ..
..##
.g..)......
.. .## #
............
.. .. ##


You could see a gnoll, a hobgoblin and a frilled lizard.

Vanquished Creatures
  An endoplasm (D:1)
  A giant cockroach (D:1)
  A ball python (D:1)
  A frilled lizard (D:1)
  A rat (D:1)
5 creatures vanquished.

Notes
Turn   | Place    | Note
-------+----------+-------------------------------------------
     0 | D:1      | timneilson the Gargoyle Fighter began the quest for the
                  | Orb.
     0 | D:1      | Reached XP level 1. HP: 14/14 MP: 1/1
   179 | D:1      | Slain by a gnoll

Illustrated notes

Levels and vault maps discovered:
D:1:      wander_arrival_chamber, layout_rooms, corexii_item_surrounded_by_moat

Action                   || total
-------------------------++-------
Melee: Long sword        ||    19
Armor: Scale mail        ||    10
Dodge: Dodged            ||     9
Block: Buckler           ||     4

Table legend: (Time is in decaauts)
 A = Elapsed time spent in this place.
 B = Non-inter-level travel time spent in this place.
 C = Inter-level travel time spent in this place.
 D = Time resting spent in this place.
 E = Time spent auto-exploring this place.
 F = Levels seen in this place.
 G = Mean time per level.
                   A        B        C        D        E       F      G
               +--------+--------+--------+--------+--------+-----+--------+
         Total |    184 |    184 |      0 |      0 |    134 |   1 |  184.0 |
       Dungeon |    184 |    184 |      0 |      0 |    134 |   1 |  184.0 |
               +--------+--------+--------+--------+--------+-----+--------+

Top non-repeatable levels by time:
     D:1: 184 daAuts
